Unix NetHack Version 5.0.0-0 post-release - last build Jul 11 2026 15:18:16 (a5a7a23833b1ad5d30b1c6e96a93a978492a6348,branch:main).

Game began 2026-07-09 19:24:37, ended 2026-07-13 17:25:17.

BeardyHaddock, neutral male gnomish Archeologist

                    --
              -------.--
              |..|.|...|     ..
            ---..^.[..#------.
            |...........d@q....
            |..........--------
            ---.--#...-|
              --- |....-
                 --.....
                 .......-
                  --.....
                   |-....
                   |.....
                   |.....
                   ---<--
                     ---

BeardyHaddock the Field Worker  St:15 Dx:9 Co:13 In:18 Wi:17 Ch:7  Neutral
Dlvl:6  $:713 HP:0(36) Pw:24(24) AC:9  Xp:5 T:2746 

Latest messages:
 You are no longer invisible.
 $ - 20 gold pieces (713 in total).
 You swap places with your large dog.
 You hit the fog cloud.
 You miss the fog cloud.
 You miss the fog cloud.
 You hit the fog cloud.
 You hit the fog cloud.
 You miss the fog cloud.
 The fog cloud engulfs you!
 Your brass lantern goes out!
 You are laden with moisture and can barely breathe!
 You hit the fog cloud.
 You are enveloped in a cloud of steam!
 You hit the fog cloud.
 You hit the fog cloud.
 You hit the fog cloud.
 You hit the fog cloud.
 You hit the fog cloud.
 You hit the fog cloud.
 You are laden with moisture and can barely breathe!
 You destroy the fog cloud!
 What do you want to use or apply? [ae-iqrB or ?*] ?
 Your lantern is now on.
 You miss the rothe.
 The rothe hits!
 The rothe bites!
 The rothe bites again!
 You miss the rothe.
 The rothe hits!
 The rothe bites!
 The rothe bites again!
 You hit the rothe.
 The rothe hits!
 The rothe bites!
 The rothe bites again!
 You hit the rothe.
 The rothe hits!
 The rothe bites!
 The rothe bites again!
 You hit the rothe.
 The rothe hits!
 The rothe bites!
 The rothe bites again!
 You die...
 Do you want your possessions identified? [ynq] (y) y
 Do you want to see your attributes? [ynq] (y) n
 Do you want an account of creatures vanquished? [ynaq] (y) n
 Do you want to see your conduct and achievements? [ynq] (y) n
 Do you want to see the dungeon overview? [ynq] (y) n

Inventory:
 Coins    ('$')
  $ - 713 gold pieces
 Amulets  ('"')
  x - an uncursed amulet of reflection
 Weapons  (')')
  u - 12 +0 arrows
  j - 8 +0 crossbow bolts
  v - a cursed +0 bow
  m - 10 +0 darts (at the ready)
  z - a +0 elven dagger
  a - a +2 bullwhip (alternate weapon; not wielded)
 Armor    ('[')
  c - an uncursed +0 fedora (being worn)
  o - an uncursed +0 dwarvish cloak
  b - an uncursed +0 leather jacket (being worn)
 Comestibles  ('%')
  A - an uncursed slime mold
  d - 5 uncursed food rations
  s - an uncursed food ration
  w - an uncursed food ration
  y - a cursed food ration
 Scrolls  ('?')
  n - an uncursed scroll of blank paper
  E - an uncursed scroll of food detection
  t - an uncursed scroll of teleportation
 Potions  ('!')
  D - an uncursed potion of paralysis
 Rings    ('=')
  k - an uncursed ring of regeneration (on right hand)
 Tools    ('(')
  h - an empty uncursed sack
  r - an empty uncursed sack
  B - an uncursed brass lantern (lit)
  q - an uncursed magic whistle
  e - a +0 pick-axe (weapon in right hand)
  i - an uncursed stethoscope
  f - a tinning kit (0:53)
 Gems/Stones  ('*')
  C - 2 uncursed citrine stones
  g - an uncursed touchstone

BeardyHaddock the Archeologist's attributes:

Background:
 You were a Field Worker, a level 5 male gnomish Archeologist.
 You were neutral, on a mission for Camaxtli
 who was opposed by Quetzalcoatl (lawful) and Huhetotl (chaotic).
 You were right-handed.
 You were in the Gnomish Mines, on level 6.
 You entered the dungeon 2746 turns ago.
 You had 190 experience points, 130 more were needed to attain level 6.

Basics:
 You had 0 out of 36 hit points.
 You had all 24 energy points (spell power).
 Your armor class was 9.
 Your wallet contained 713 zorkmids.
 Autopickup was off.

Final Characteristics:
 Your strength was 15 (limit:18/50).
 Your dexterity was 9 (limit:18).
 Your constitution was 13 (limit:18).
 Your intelligence was 18 (limit:19).
 Your wisdom was 17 (limit:18).
 Your charisma was 7 (limit:18).

Final Status:
 You weren't hungry.
 You were unencumbered.
 You were wielding a pick-axe.
 You had basic skill with pick-axe.

Final Attributes:
 You were piously aligned.
 You had automatic searching.
 You had infravision.
 You were stealthy.
 You regenerated.
 You were lucky.
 You are dead.

Miscellaneous:
 You didn't encounter any bones levels.
 Total elapsed playing time was 25 minutes and 17 seconds.

Major events:
 Turn
    1: BeardyHaddock the neutral male gnomish Archeologist entered the dungeon
 2076: entered the Gnomish Mines
 2112: attained the rank of Field Worker (level 3)
 2746: killed by a rothe

Spells:
 Name                 Level Category     Fail Retention
 detect monsters        1   divination     0%  76%-100%
 drain life             2   attack        67%  76%-100%

Skills:
 Fighting Skills
   bare handed combat [Unskilled]
   two weapon combat  [Unskilled]
   riding             [Unskilled]
 Weapon Skills
   dagger             [Unskilled]
   knife              [Unskilled]
   pick-axe           [Basic]
   short sword        [Unskilled]
   saber              [Unskilled]
   club               [Unskilled]
   quarterstaff       [Unskilled]
   sling              [Unskilled]
   dart               [Unskilled]
   boomerang          [Unskilled]
   whip               [Basic]
   unicorn horn       [Unskilled]
 Spellcasting Skills
   attack spells      [Unskilled]
   healing spells     [Unskilled]
   divination spells  [Unskilled]
   matter spells      [Unskilled]

Voluntary challenges:
 Character rerolling was not enabled.
 You never genocided any monsters.
 You never polymorphed an object.
 You never changed form.
 You used no wishes.
Achievements:
 You entered a shop.
 You entered the Gnomish Mines.
 You attained the rank of Field Worker.

 The Dungeons of Doom: levels 1 to 4
    Level 1:
       A grave.
    Level 2:
       An altar, some fountains.
    Level 3:
       A general store.
       Stairs down to The Gnomish Mines.
    Level 4:
       A fountain.
 The Gnomish Mines: levels 4 to 6
    Level 4:
    Level 5:
    Level 6: <- You were here.
       Final resting place for
          you, killed by a rothe.


Vanquished creatures:
  a housecat
  2 fog clouds
  3 gnome leaders
  2 elf zombies
  4 dwarves
  a kobold leader
  3 giant bats
 an orc zombie
 an iguana
 an acid blob
  a gas spore
  a hobbit
  2 manes
  a large kobold
  2 brown molds
  a red mold
  4 gnomes
  4 geckos
 12 jackals
  2 foxes
  a kobold
  a goblin
  a sewer rat
  7 grid bugs
  2 bats
  3 lichens
 10 newts
74 creatures vanquished.

No species were genocided or became extinct.

Game over:
                       ----------
                      /          \
                     /    REST    \
                    /      IN      \
                   /     PEACE      \
                  /                  \
                  |  BeardyHaddock   |
                  |      713 Au      |
                  |   killed by a    |
                  |      rothe       |
                  |                  |
                  |                  |
                  |       2026       |
                 *|     *  *  *      | *
        _________)/\\_//(\/(/\)/\//\/|_)_______

Goodbye BeardyHaddock the Archeologist...

You died in The Gnomish Mines on dungeon level 6 with 1682 points,
and 713 pieces of gold, after 2746 moves.
You were level 5 with a maximum of 36 hit points when you died.

